 Dungeon Crawl Stone Soup version 0.20.1-1-g8b1a95d (webtiles) character file.

328 Lanoc the Conjurer (level 6, -10/32 HPs)
             Began as a Deep Elf Conjurer on Dec 11, 2017.
             Mangled by a two-headed ogre
             ... wielding a +0 giant club
              (16 damage)
             ... on level 5 of the Dungeon.
             The game lasted 00:16:18 (4060 turns).

Lanoc the Conjurer (Deep Elf Conjurer)              Turns: 4060, Time: 00:16:19

Health: -10/32     AC:  5    Str:  5    XL:     6   Next: 25%
Magic:  6/15       EV: 14    Int: 26    God:
Gold:   171        SH:  0    Dex: 15    Spells: 2/15 levels left

rFire    . . .     SeeInvis .   q - staff of air
rCold    . . .     Gourm    .   (no shield)
rNeg     . . .     Faith    .   a - +0 robe
rPois    .         Spirit   .   u - +1 helmet
rElec    +         Reflect  .   (no cloak)
rCorr    .         Harm     .   (no gloves)
MR       .....                  e - +0 pair of boots
Stlth    ++........             (no amulet)
Regen    0.1/turn               s - +4 ring of intelligence
MPRegen  0.2/turn               (no ring)

@: no status effects
A: no striking features
a: no special abilities


You were on level 5 of the Dungeon.
You were hungry.

You visited 1 branch of the dungeon, and saw 5 of its levels.

You collected 171 gold pieces.

Inventory:

Armour
 a - a +0 robe (worn)
 e - a +0 pair of boots (worn)
 u - a +1 helmet (worn)
Magical Staves
 q - an uncursed staff of air (weapon)
Jewellery
 s - a +4 ring of intelligence (left hand)
Wands
 r - a wand of acid (12/15)
Scrolls
 g - 4 scrolls of remove curse
 h - a scroll of recharging
 i - 2 scrolls of fog
 j - 2 scrolls of teleportation
 n - a scroll of immolation
Potions
 l - a potion of might
 m - a potion of heal wounds
 t - 2 potions of flight
 w - a potion of haste {unknown}
 z - 2 potions of curing {unknown}
 A - a potion of ambrosia {unknown}
Books
 b - a book of Conjurations

   Spells                             Type                      Level
   a - Magic Dart                     Conjuration                  1
   b - Searing Ray                    Conjuration                  2
   c - Dazzling Spray                 Conjuration/Hexes            3
   d - Fulminant Prism                Conjuration/Hexes            4
   e - Force Lance                    Conjuration/Translocation    4
   f - Iskenderun's Mystic Blast      Conjuration                  4
 x - a book of Battle

   Spells                             Type                      Level
   a - Infusion                       Charms                       1
   b - Shroud of Golubria             Charms/Translocation         2
   c - Song of Slaying                Charms                       2
   d - Spectral Weapon                Hexes/Charms                 3
   e - Regeneration                   Charms/Necromancy            3
 B - a book of Minor Magic

   Spells                             Type                      Level
   a - Magic Dart                     Conjuration                  1
   b - Blink                          Translocation                2
   c - Call Imp                       Summoning                    2
   d - Slow                           Hexes                        2
   e - Conjure Flame                  Conjuration/Fire             3
   f - Mephitic Cloud                 Conjuration/Poison/Air       3
Comestibles
 c - 5 bread rations
 d - 2 royal jellies
 f - 2 meat rations


   Skills:
 + Level 4.3 Dodging
 - Level 2.4 Stealth
 + Level 5.1 Spellcasting
 * Level 6.7 Conjurations


You had 2 spell levels left.
You knew the following spells:

 Your Spells              Type           Power        Failure   Level  Hunger
a - Magic Dart            Conj           ####         1%          1    None
b - Searing Ray           Conj           #####.       1%          2    None
c - Dazzling Spray        Conj/Hex       ###...       6%          3    #......
d - Force Lance           Conj/Tloc      ###.....     19%         4    ###....
e - Mephitic Cloud        Conj/Pois/Air  ####....     9%          3    #......


Dungeon Overview and Level Annotations

Branches:
Dungeon (5/15)
 Temple: D:4-7

Altars:
Makhleb
Nemelex Xobeh
Trog


Message History

The two-headed ogre is moderately wounded.
The searing ray hits the two-headed ogre.
The two-headed ogre is heavily wounded.
The searing ray hits the two-headed ogre.
The two-headed ogre is heavily wounded.
You finish channeling your searing ray.
The two-headed ogre hits you with a giant club!!
Ouch! That really hurt!
The two-headed ogre hits you with a giant club.
* * * LOW HITPOINT WARNING * * *
Casting: Searing Ray
Confirm with . or Enter, or press ? or * to list all spells.
Aiming: Force Lance
Press: ? - help, Shift-Dir - straight line, f/p - two-headed ogre
Aim: a two-headed ogre, wielding two giant clubs (heavily wounded)
The lance of force hits the two-headed ogre.
The two-headed ogre is severely wounded.
The two-headed ogre hits you with a giant club!
Ouch! That really hurt!
You die...

#....######.#..##.# #.#
#...#.........##.##.##
#.#
#..........#####.....#
#.#
#...#....#.....########
#.# .>....####.....#
#.# ..##.# #.....# #÷#
. #. #.....# ########.#
#. #.....###.....#...
#@....##..........
#O....#...........
#.#####........... #.
..# #............ ...
..####.........[..
..#####
.............÷......
......##
....................
........
...##.#.##..........
........
...#.###.........


You could see a two-headed ogre.

Vanquished Creatures
  A bullfrog skeleton (D:5)
  A hound (D:5)
  An orc wizard (D:4)
  An iguana (D:5)
  5 gnolls
  7 adders
  An ooze (D:3)
  A worm (D:2)
  3 dart slugs (D:1)
  5 leopard geckos
  6 orcs
  3 giant cockroaches
  5 goblins
  11 hobgoblins
  7 jackals
  4 kobolds
  2 quokkas
  A ball python (D:2)
  5 bats
  6 frilled lizards
  A leopard gecko skeleton (D:4)
  12 rats
89 creatures vanquished.

Notes
Turn   | Place    | Note
-------+----------+-------------------------------------------
     0 | D:1      | Lanoc the Deep Elf Conjurer began the quest for the Orb.
     0 | D:1      | Reached XP level 1. HP: 10/10 MP: 6/6
   159 | D:1      | Reached XP level 2. HP: 15/15 MP: 1/8
   221 | D:1      | Learned a level 2 spell: Searing Ray
   555 | D:1      | Reached XP level 3. HP: 19/19 MP: 8/10
   656 | D:2      | Learned a level 3 spell: Dazzling Spray
  1036 | D:2      | Reached skill level 5 in Conjurations
  1360 | D:2      | Found a sparkling altar of Nemelex Xobeh.
  1369 | D:2      | Found a burning altar of Makhleb.
  1632 | D:2      | Reached XP level 4. HP: 24/24 MP: 7/12
  1643 | D:2      | Learned a level 4 spell: Force Lance
  2606 | D:4      | Reached XP level 5. HP: 19/28 MP: 8/13
  2730 | D:4      | Found a bloodstained altar of Trog.
  2804 | D:4      | Reached skill level 6 in Conjurations
  3169 | D:5      | Entered Level 5 of the Dungeon
  3493 | D:5      | Reached skill level 5 in Spellcasting
  3513 | D:5      | Noticed a two-headed ogre
  3528 | D:5      | Learned a level 3 spell: Mephitic Cloud
  3585 | D:5      | Reached XP level 6. HP: 28/32 MP: 10/15
  4060 | D:5      | Mangled by a two-headed ogre

Skill      XL: |  1  2  3  4  5 |
---------------+----------------+-----
Conjurations   | 5 6 |  6.7
Dodging        | 3 4 |  4.3
Spellcasting   | 4 5 |  5.1
Stealth        | |  2.4

Action                   |  1- 3 |  4- 6 || total
-------------------------+-------+-------++-------
Melee: Unarmed           |     3 |       ||     3
       Staff             |    21 |    21 ||    42
 Cast: Magic Dart        |    46 |     9 ||    55
       Searing Ray       |     9 |    41 ||    50
       Force Lance       |       |     1 ||     1
  Use: Scroll            |       |    11 ||    11
 Stab: Sleeping          |     1 |     3 ||     4
  Eat: Chunk             |     2 |     7 ||     9
Armor: Robe              |    26 |    11 ||    37
Dodge: Dodged            |    50 |    47 ||    97
